3A
BELLEVILLE BULLS @ COLUMBIA RIVER RATS
08/12/2037
 
TOP OF THE 1ST
Belleville Bulls batting - Pitching for Columbia River Rats : RHP Said Akimi
Pitching: RHP Said Akimi
Batting: RHB Rich Lucas 0-0: Ball
1-0: Swinging Strike
1-1: Ground out U3 (Groundball, 34, EV 79.4 MPH)
Batting: LHB Jason Powell 0-0: Foul Ball, location: 2F
0-1: Foul Ball, location: 2F
0-2: Strikes out looking
Batting: RHB Spencer Wiggins 0-0: Foul Ball, location: 2F
0-1: Ball
1-1: Swinging Strike
1-2: Ball
2-2: Strikes out swinging
Top of the 1st over - 0 runs, 0 hits, 0 errors, 0 left on base; Belleville 0 - Columbia 0
BOTTOM OF THE 1ST
Columbia River Rats batting - Pitching for Belleville Bulls : RHP Iván Polanco
Pitching: RHP Iván Polanco
Batting: LHB Ji-e Loh 0-0: Called Strike
0-1: Foul Ball, location: 2F
0-2: Ball
1-2: SINGLE (Line Drive, 34D, EV 95.0 MPH)
Batting: RHB Tony Castellanos 0-0: SINGLE (Line Drive, 7S, EV 106.2 MPH)
Ji-e Loh to second
Batting: RHB Cédric Causse 0-0: Ball
1-0: Ball
2-0: Foul Ball, location: 2F
2-1: Called Strike
2-2: Strikes out swinging
Batting: RHB José García 0-0: Called Strike
0-1: Ball
1-1: Fly out, F5 (Popup, 5SF, EV 83.1 MPH)
Batting: RHB Luis Romero 0-0: Ball
1-0: Called Strike
1-1: Swinging Strike
1-2: Ball
2-2: Ball
3-2: Strikes out swinging
Bottom of the 1st over - 0 runs, 2 hits, 0 errors, 2 left on base; Belleville 0 - Columbia 0
TOP OF THE 2ND
Belleville Bulls batting - Pitching for Columbia River Rats : RHP Said Akimi
Batting: RHB Hulama Yani 0-0: Called Strike
0-1: Called Strike
0-2: SINGLE (Line Drive, 3D, EV 96.9 MPH)
Batting: LHB Travis Ladd 0-0: Ball
1-0: Called Strike
1-1: Called Strike
1-2: Strikes out looking
Batting: RHB Josh Iriarte 0-0: Ball
1-0: Ball
2-0: Fly out, F8 (Flyball, 8LM, EV 83.1 MPH)
Batting: RHB Sean Urien 0-0: Ball
1-0: Swinging Strike
1-1: Ball
2-1: Called Strike
2-2: Foul Ball, location: 2F
2-2: Strikes out swinging
Top of the 2nd over - 0 runs, 1 hit, 0 errors, 1 left on base; Belleville 0 - Columbia 0
BOTTOM OF THE 2ND
Columbia River Rats batting - Pitching for Belleville Bulls : RHP Iván Polanco
Batting: RHB Pu-feng Zhou 0-0: Foul Ball, location: 2F
0-1: Ball
1-1: Ground out U3 (Groundball, 3, EV 90.0 MPH)
Batting: SHB Dean Barthorpe 0-0: Called Strike
0-1: Fly out, F7 (Flyball, 78S, EV 75.0 MPH)
Batting: RHB Cleveland Kraut 0-0: Swinging Strike
0-1: Swinging Strike
0-2: Ground out 5-3 (Groundball, 5, EV 86.2 MPH)
Bottom of the 2nd over - 0 runs, 0 hits, 0 errors, 0 left on base; Belleville 0 - Columbia 0
TOP OF THE 3RD
Belleville Bulls batting - Pitching for Columbia River Rats : RHP Said Akimi
Batting: RHB Aron Cruickshank 0-0: Ball
1-0: Ball
2-0: Ball
3-0: Called Strike
3-1: Called Strike
3-2: Foul Ball, location: 2F
3-2: Foul Ball, location: 2F
3-2: Strikes out looking
Batting: RHB Boyd Tholen 0-0: Ball
1-0: Ball
2-0: Foul Ball, location: 2F
2-1: Foul Ball, location: 2F
2-2: Strikes out swinging
Batting: RHB Rich Lucas 0-0: Foul Ball, location: 2F
0-1: Swinging Strike
0-2: Ground out 4-3 (Groundball, 34, EV 106.2 MPH)
Top of the 3rd over - 0 runs, 0 hits, 0 errors, 0 left on base; Belleville 0 - Columbia 0
BOTTOM OF THE 3RD
Columbia River Rats batting - Pitching for Belleville Bulls : RHP Iván Polanco
Batting: RHB Francis Raffone 0-0: Ball
1-0: Ball
2-0: Foul Ball, location: 2F
2-1: Ball
3-1: Ground out 6-3 (Groundball, 6, EV 87.5 MPH)
Batting: LHB Ji-e Loh 0-0: Fly out, F9 (Flyball, 89XD, EV 108.8 MPH)
Batting: RHB Tony Castellanos 0-0: Called Strike
0-1: Ball
1-1: Foul Ball, location: 2F
1-2: Strikes out swinging
Bottom of the 3rd over - 0 runs, 0 hits, 0 errors, 0 left on base; Belleville 0 - Columbia 0
TOP OF THE 4TH
Belleville Bulls batting - Pitching for Columbia River Rats : RHP Said Akimi
Batting: LHB Jason Powell 0-0: Ball
1-0: Ball
2-0: Swinging Strike
2-1: Called Strike
2-2: Strikes out swinging
Batting: RHB Spencer Wiggins 0-0: Called Strike
0-1: Foul Ball, location: 2F
0-2: Ball
1-2: Foul Ball, location: 2F
1-2: Ball
2-2: Strikes out swinging
Batting: RHB Hulama Yani 0-0: Ball
1-0: Ball
2-0: Ball
3-0: Called Strike
3-1: Called Strike
3-2: SINGLE (Line Drive, 7S, EV 92.5 MPH)
Batting: LHB Travis Ladd 0-0: Called Strike
0-1: Ball
1-1: Ball
2-1: DOUBLE (Line Drive, 7LD, EV 106.9 MPH)
Hulama Yani to third
Runner from 3rd tries for Home, SAFE, no throw by LF
Batting: RHB Josh Iriarte 0-0: Foul Ball, location: 2F
0-1: Fly out, F7 (Flyball, 7, EV 85.0 MPH)
Top of the 4th over - 1 run, 2 hits, 0 errors, 1 left on base; Belleville 1 - Columbia 0
BOTTOM OF THE 4TH
Columbia River Rats batting - Pitching for Belleville Bulls : RHP Iván Polanco
Batting: RHB Cédric Causse 0-0: Ball
1-0: Called Strike
1-1: Fly out, F8 (Flyball, 89M, EV 92.5 MPH)
Batting: RHB José García 0-0: Called Strike
0-1: Called Strike
0-2: Strikes out looking
Batting: RHB Luis Romero 0-0: Called Strike
0-1: Ball
1-1: SINGLE (Line Drive, 78M, EV 104.4 MPH)
Batting: RHB Pu-feng Zhou 0-0: Ball
1-0: Called Strike
1-1: Foul Ball, location: 2F
1-2: Ball
2-2: Strikes out looking
Bottom of the 4th over - 0 runs, 1 hit, 0 errors, 1 left on base; Belleville 1 - Columbia 0
TOP OF THE 5TH
Belleville Bulls batting - Pitching for Columbia River Rats : RHP Said Akimi
Batting: RHB Sean Urien 0-0: Called Strike
0-1: Foul Ball, location: 2F
0-2: Strikes out swinging
Batting: RHB Aron Cruickshank 0-0: Called Strike
0-1: Foul Ball, location: 2F
0-2: Strikes out looking
Batting: RHB Boyd Tholen 0-0: Called Strike
0-1: Ball
1-1: Ground out 6-3 (Groundball, 6, EV 80.6 MPH)
Top of the 5th over - 0 runs, 0 hits, 0 errors, 0 left on base; Belleville 1 - Columbia 0
BOTTOM OF THE 5TH
Columbia River Rats batting - Pitching for Belleville Bulls : RHP Iván Polanco
Batting: SHB Dean Barthorpe 0-0: Ball
1-0: Ball
2-0: Ball
3-0: Called Strike
3-1: SINGLE (Line Drive, 6M, EV 107.5 MPH)
Batting: RHB Cleveland Kraut 0-0: Ball
1-0: SINGLE (Line Drive, 89M, EV 102.5 MPH)
Dean Barthorpe to second
Batting: RHB Francis Raffone 0-0: Ball
1-0: Fly out, F8 (Flyball, 8RM, EV 78.1 MPH)
Batting: LHB Ji-e Loh 0-0: Ball
1-0: Ball
2-0: Fly out, F8 (Flyball, 8RD, EV 98.1 MPH)
Batting: RHB Tony Castellanos 0-0: Called Strike
0-1: Ball
1-1: Foul Ball, location: 2F
1-2: Foul Ball, location: 2F
1-2: Ball
2-2: Ball
3-2: Base on Balls
Dean Barthorpe to third
Cleveland Kraut to second
Batting: RHB Cédric Causse 0-0: Foul Ball, location: 2F
0-1: Foul Ball, location: 2F
0-2: Ball
1-2: Ball
2-2: Foul Ball, location: 2F
2-2: Strikes out swinging
Bottom of the 5th over - 0 runs, 2 hits, 0 errors, 3 left on base; Belleville 1 - Columbia 0
TOP OF THE 6TH
Belleville Bulls batting - Pitching for Columbia River Rats : RHP Said Akimi
Batting: RHB Rich Lucas 0-0: Ball
1-0: Ball
2-0: Ball
3-0: Called Strike
3-1: Base on Balls
Batting: LHB Jason Powell 0-0: Called Strike
0-1: Ball
1-1: Swinging Strike
1-2: Strikes out swinging
Batting: RHB Spencer Wiggins 0-0: Ball
1-0: Fly out, F8 (Flyball, 8RS, EV 88.8 MPH)
Batting: RHB Hulama Yani 0-0: Foul Ball, location: 2F
0-1: Fly out, F8 (Line Drive, 8LM, EV 100.0 MPH)
Top of the 6th over - 0 runs, 0 hits, 0 errors, 1 left on base; Belleville 1 - Columbia 0
BOTTOM OF THE 6TH
Columbia River Rats batting - Pitching for Belleville Bulls : RHP Iván Polanco
Batting: RHB José García 0-0: Foul Ball, location: 2F
0-1: Foul Ball, location: 2F
0-2: Strikes out swinging, 2-3 out at first.
Batting: RHB Luis Romero 0-0: Called Strike
0-1: Ball
1-1: Ball
2-1: Called Strike
2-2: Foul Ball, location: 2F
2-2: Ball
3-2: Fly out, F9 (Flyball, 89M, EV 74.4 MPH)
Batting: RHB Pu-feng Zhou 0-0: Ball
1-0: Ground out 1-3 (Groundball, 34S, EV 90.0 MPH)
Bottom of the 6th over - 0 runs, 0 hits, 0 errors, 0 left on base; Belleville 1 - Columbia 0
TOP OF THE 7TH
Belleville Bulls batting - Pitching for Columbia River Rats : RHP Said Akimi
Batting: LHB Travis Ladd 0-0: Ball
1-0: Fly out, F9 (Flyball, 89S, EV 85.6 MPH)
Batting: RHB Josh Iriarte 0-0: Ball
1-0: SINGLE (Flyball, 78M, EV 88.1 MPH)
Batting: RHB Sean Urien 0-0: DOUBLE (Line Drive, 3D, EV 98.8 MPH)
Josh Iriarte to third
Batting: RHB Aron Cruickshank 0-0: Ball
1-0: Foul Ball, location: 2F
1-1: Foul Ball, location: 2F
1-2: Strikes out looking
Batting: RHB Boyd Tholen 0-0: Called Strike
0-1: Ball
1-1: Fly out, F9 (Flyball, 9S, EV 95.6 MPH)
Top of the 7th over - 0 runs, 2 hits, 0 errors, 2 left on base; Belleville 1 - Columbia 0
BOTTOM OF THE 7TH
Columbia River Rats batting - Pitching for Belleville Bulls : RHP Iván Polanco
Batting: SHB Dean Barthorpe 0-0: Called Strike
0-1: SINGLE (Line Drive, 78M, EV 109.4 MPH)
Batting: RHB Cleveland Kraut 0-0: Called Strike
0-1: Foul Ball, location: 2F
0-2: Ball
1-2: Strikes out swinging
Pitching: RHP Jonathan Campbell
Pinch Hitting: RHB Don Parker 0-0: Called Strike
0-1: Foul Ball, location: 2F
0-2: Ball
1-2: Fielders Choice at 2nd, 4-6 (Groundball, 34, EV 83.1 MPH)
Batting: LHB Ji-e Loh 0-0: Called Strike
0-1: Foul Ball, location: 2F
0-2: Strikes out swinging
Bottom of the 7th over - 0 runs, 1 hit, 0 errors, 1 left on base; Belleville 1 - Columbia 0
TOP OF THE 8TH
Belleville Bulls batting - Pitching for Columbia River Rats : RHP Said Akimi
Pitching: LHP Taro Kishita
Now at 2B: Min-ho Yun
Batting: RHB Rich Lucas 0-0: Called Strike
0-1: Called Strike
0-2: Ball
1-2: Ball
2-2: Strikes out looking
Batting: LHB Jason Powell 0-0: Ball
1-0: Foul Ball, location: 2F
1-1: Fly out, F7 (Line Drive, 7D, EV 98.8 MPH)
Batting: RHB Spencer Wiggins 0-0: Called Strike
0-1: Foul Ball, location: 2F
0-2: Fly out, F8 (Flyball, 8RM, EV 90.0 MPH)
Top of the 8th over - 0 runs, 0 hits, 0 errors, 0 left on base; Belleville 1 - Columbia 0
BOTTOM OF THE 8TH
Columbia River Rats batting - Pitching for Belleville Bulls : RHP Jonathan Campbell
Batting: RHB Tony Castellanos 0-0: Ball
1-0: Ball
2-0: Ball
3-0: Called Strike
3-1: Ground out 1-3 (Groundball, 13, EV 93.1 MPH)
Batting: RHB Cédric Causse 0-0: SINGLE (Groundball, 6, EV 90.6 MPH) (infield hit)
Batting: RHB José García 0-0: Called Strike
0-1: Swinging Strike
0-2: Ball
1-2: Strikes out looking
Batting: RHB Luis Romero 0-0: Foul Ball, location: 2F
0-1: Ball
1-1: Swinging Strike
1-2: Ball
2-2: Fly out, F5 (Popup, 5L, EV 55.0 MPH)
Bottom of the 8th over - 0 runs, 1 hit, 0 errors, 1 left on base; Belleville 1 - Columbia 0
TOP OF THE 9TH
Belleville Bulls batting - Pitching for Columbia River Rats : LHP Taro Kishita
Batting: RHB Hulama Yani 0-0: Foul Ball, location: 2F
0-1: Ball
1-1: Swinging Strike
1-2: Strikes out looking
Batting: LHB Travis Ladd 0-0: Called Strike
0-1: Ball
1-1: Swinging Strike
1-2: DOUBLE (Line Drive, 89M, EV 108.8 MPH)
Batting: RHB Josh Iriarte 0-0: Called Strike
0-1: Swinging Strike
0-2: SINGLE (Groundball, 56D, EV 93.8 MPH)
Travis Ladd to third
Runner from 3rd tries for Home, SAFE, no throw by LF
Batting: RHB Sean Urien 0-0: Ball
1-0: Called Strike
1-1: Called Strike
1-2: Foul Ball, location: 2F
1-2: Ball
2-2: Strikes out swinging
Batting: RHB Aron Cruickshank 0-0: Foul Ball, location: 2F
0-1: Foul Ball, location: 2F
0-2: Strikes out looking
Top of the 9th over - 1 run, 2 hits, 0 errors, 1 left on base; Belleville 2 - Columbia 0
BOTTOM OF THE 9TH
Columbia River Rats batting - Pitching for Belleville Bulls : RHP Jonathan Campbell
Pitching: RHP Bobby Martin
Batting: RHB Pu-feng Zhou 0-0: Ball
1-0: Ball
2-0: Swinging Strike
2-1: Ball
3-1: Called Strike
3-2: Foul Ball, location: 2F
3-2: Base on Balls
Batting: SHB Dean Barthorpe 0-0: Ball
1-0: Called Strike
1-1: Foul Ball, location: 2F
1-2: Ground out 4-3 (Groundball, 4S, EV 62.5 MPH)
Pu-feng Zhou to second
Batting: RHB Cleveland Kraut 0-0: Foul Ball, location: 2F
0-1: Ball
1-1: Fly out, F9 (Line Drive, 9, EV 89.4 MPH)
Pinch Hitting: LHB Frank Morris 0-0: Ball
1-0: Foul Ball, location: 2F
1-1: Swinging Strike
Passed Ball!
Pu-feng Zhou to third
1-2: Foul Ball, location: 2F
1-2: Ball
2-2: Foul Ball, location: 2F
2-2: Ball
3-2: Foul Ball, location: 2F
3-2: Strikes out looking
Bottom of the 9th over - 0 runs, 0 hits, 0 errors, 1 left on base; Belleville 2 - Columbia 0
Thursday, January 23rd, 2020 - OOTP Baseball 20.8 Build 74